Workbook
Name \0: #REF!
Name \0: #REF!
Name \0: #REF!
Name \00: #REF!
Name \00: #REF!
Name \00: #REF!
Name \a: #REF!
Name \AA: #REF!
Name \b: #REF!
Name \bb: #REF!
Name \c: #REF!
Name \e: #REF!
Name \EE: #REF!
Name \eliminar: #REF!
Name \eliminar1: #REF!
Name \G: #REF!
Name \i: #REF!
Name \k: #REF!
Name \L: #REF!
Name \m: #REF!
Name \ñ: #REF!
Name \P: #REF!
Name \PX: #REF!
Name \q: #REF!
Name \r: #REF!
Name \s: #REF!
Name \sa: #REF!
Name \t: #REF!
Name \x: #REF!
Name \z: #REF!
Name _: #REF!
Name ___\a: #REF!
Name ___\b: #REF!
Name ___\eliminar: #REF!
Name ___\eliminar1: #REF!
Name ___\q: #REF!
Name _____\X: ______________________MAT108
Name _____\X: ______________________MAT108
Name _____\X: ______________________MAT108
Name _____\Z: ______________________MAT108
Name _____\Z: ______________________MAT108
Name _____\Z: ______________________MAT108
Name _________________________________apu1: #REF!
Name _________________________________apu1: #REF!
Name _________________________________apu1: #REF!
Name ________________________________apu1: #REF!
Name ________________________________apu1: #REF!
Name ________________________________apu1: #REF!
Name _______________________________apu1: #REF!
Name _______________________________apu1: #REF!
Name _______________________________apu1: #REF!
Name ______________________________apu1: #REF!
Name _____________________________CON123: #REF!
Name _____________________________EQP1: #REF!
Name _____________________________EQP10: #REF!
Name _____________________________EQP11: #REF!
Name _____________________________EQP12: #REF!
Name _____________________________EQP13: #REF!
Name _____________________________EQP14: #REF!
Name _____________________________EQP15: #REF!

Sheet PRESUPUESTO OFICIAL
B1: PRESUPUESTO OFICIAL
B2: ADECUACIÓN Y MANTENIMIENTO DE LAS REDES ELÉCTRICAS DE BAJA Y MEDIA TENSIÓN, EN EL BARRIO 07 DE MAYO DEL MUNICIPIO DE LA GLORIA Y LA INSTITUCIÓN EDUCATIVA SAN JUAN BAUTISTA DEL CORREGIMIENTO DE SIMAÑA, MUNICIPIO DE LA GLORIA - CESAR
B3: ADECUACIONES RED ELECTRICA DE MEDIA TENSIÓN BARRIO 07 DE MAYO MUNICIPIO DE LA GLORIA
B4: ITEM | C4: DESCRIPCIÓN | D4: UND | E4: CANT | F4: VR. UNITARIO | G4: VR. TOTAL
B5: 1 | C5: ESTRUCTURA DE SOPORTE | G5: =G6 -> 3663172
B6: 1,1 | C6: Suministro e instalación de poste de 12 M X 750 Kg en concreto | D6: UND | E6: ='CÁLCULO DE CANTIDADES'!G12 -> 1 | F6: =APU!G40 -> 3663172 | G6: =E6*F6 -> 3663172
B7: 2 | C7: SISTEMA DE RETENCIÓN Y PROTECCIONES | G7: =SUM(G8:G10) -> 3366820
B8: 2,1 | C8: Suministro e instalación de crucetas autosoportadas de 3" X 3" X 1/4" X 2M (incluye todos sus accesorios para su correcta instalación) | D8: UND | E8: ='CÁLCULO DE CANTIDADES'!G14 -> 6 | F8: =APU!G81 -> 419640 | G8: =F8*E8 -> 2517840
B9: 2.2 | C9: Suministro e instalación de aislador polimérico de 15KLV | D9: UND | E9: ='CÁLCULO DE CANTIDADES'!G15 -> 4 | F9: =APU!G119 -> 121055 | G9: =E9*F9 -> 484220
B10: 2.3 | C10: Suministro e instalación de grapa de retención de 1/0-4/0 | D10: UND | E10: ='CÁLCULO DE CANTIDADES'!G16 -> 4 | F10: =APU!G156 -> 91190 | G10: =E10*F10 -> 364760
B11: 3 | C11: TENDIDO DE LINEA | G11: =SUM(G12:G14) -> 7014040
B12: 3.1 | C12: Suministro e instalación de grapa para conexión en caliente | D12: UND | E12: ='CÁLCULO DE CANTIDADES'!G18 -> 4 | F12: =APU!G194 -> 94380 | G12: =E12*F12 -> 377520
B13: 3.2 | C13: Suministro e instalación de conector tipo AMPAC con estribo | D13: UND | E13: ='CÁLCULO DE CANTIDADES'!G19 -> 4 | F13: =APU!G232 -> 78630 | G13: =F13*E13 -> 314520
B14: 3.3 | C14: Suministro e instalación de cable ACSR 2/0 | D14: ML | E14: ='CÁLCULO DE CANTIDADES'!G20 -> 200 | F14: =APU!G269 -> 31610 | G14: =F14*E14 -> 6322000
B15: 4 | C15: INSTALACIÓN DE TRANSFORMADOR | G15: =SUM(G16:G17) -> 17009550 | H15: 15870000
B16: 4,1 | C16: Suministro e instalación de transformador de 75KVA con voltaje primario de 13,200 /220 / 127 V (Incluye protecciones) | D16: UND | E16: ='CÁLCULO DE CANTIDADES'!G22 -> 1 | F16: =APU!G312 -> 15874625 | G16: =F16*E16 -> 15874625
B17: 4,2 | C17: Suministro e instalación de cable desnudo No. 1/0 AWG cobre | D17: ML | E17: ='CÁLCULO DE CANTIDADES'!I23 -> 25 | F17: =APU!G350 -> 45397 | G17: =F17*E17 -> 1134925
B18: TOTAL COSTOS ADECUACIONES RED ELECTRICA BARRIO 07 DE MAYO CABECERA MUNICIPAL | G18: =G5+G7+G11+G15 -> 31053582
B19: ADECUACIONES Y MANTENIMIENTO RED DE ACOMETIDA ELECTRICA INSTITUCION EDUCATIVA SAN JUAN BAUTISTA CORREGIMIENTO DE SIMAÑA, MUNICIPIO DE LA GLORIA
B20: 5 | C20: ADECUACIÓN ACOMETIDA ELECTRICA | G20: =SUM(G21:G24) -> 6406545
B21: 5,1 | C21: Suministro e instalación del cable trenzado 3x1+1 1/0 | D21: ML | E21: ='CÁLCULO DE CANTIDADES'!G28 -> 92 | F21: =APU!G388 -> 37128 | G21: =F21*E21 -> 3415776
B22: 5,2 | C22: Suministro e instalación de alambre # 10 | D22: ML | E22: ='CÁLCULO DE CANTIDADES'!G29 -> 48 | F22: =APU!G426 -> 12126 | G22: =F22*E22 -> 582048
B23: 5,3 | C23: Suministro e instalación de cable concéntrico 3x1+1 | D23: ML | E23: ='CÁLCULO DE CANTIDADES'!G30 -> 32 | F23: =APU!G464 -> 54793 | G23: =F23*E23 -> 1753376
B24: 5,4 | C24: Suministro e instalación de KIT puesta a tierra de baja tensión (Incluye accesorios para su correcta instalación) | D24: UND | E24: ='CÁLCULO DE CANTIDADES'!G31 -> 1 | F24: =APU!G504 -> 655345 | G24: =F24*E24 -> 655345
B25: TOTAL COSTOS MANTENIMIENTO INSTALACIONES ELECTRICAS INSTITUCION SAN JUAN BAUTISTA | G25: =SUM(G21:G24) -> 6406545
B26: TOTAL COSTOS DIRECTOS | G26: =G18+G25 -> 37460127
B27: COSTOS INDIRECTOS
B28: ADMINISTRACIÓN | F28: 0.24 | G28: =G26*F28 -> 8990430.5
B29: IMPREVISTOS | F29: 0.01 | G29: =G26*F29 -> 374601.27
B30: UTILIDAD | F30: 0.05 | G30: =G26*F30 -> 1873006.4
B31: TOTAL COSTOS INDIRECTOS | G31: =ROUND(SUM(G28:G30),0) -> 11238038
B32: VALOR TOTAL DEL PROYECTO | G32: =G26+G31 -> 48698165

Sheet CÁLCULO DE CANTIDADES
B2: CANTIDADES ADECUACIÓN DE REDES DE MEDIA TENSIÓN BARRIO 7 DE MAYO MUNICIPIO DE LA GLORIA CESAR
B4: MEMORIA DE CÁLCULO DE CANTIDADES DE OBRA
B6: ENTIDAD TERRITORIAL | G6: OBJETO: | H6: ='PRESUPUESTO OFICIAL'!B2 -> ADECUACIÓN Y MANTENIMIENTO DE LAS REDES ELÉCTRICAS DE BAJA Y MEDIA TENSIÓN, EN EL BARRIO 07 DE MAYO DEL MUNICIPIO DE LA GLORIA Y LA INSTITUCIÓN EDUCATIVA SAN JUAN BAUTISTA DEL CORREGIMIENTO DE SIMAÑA, MUNICIPIO DE LA GLORIA - CESAR
B7: ALCALDIA MUNICIPAL DE LA GLORIA-CESAR
B9: ITEM | C9: DESCRIPCIÓN | F9: UNIDAD | G9: CANTIDAD TOTAL | H9: LOCALIZACIÓN | I9: MEDIDA | L9: No. UNIDADES | M9: SUBTOTAL
I10: LARGO | J10: ANCHO | K10: ALTO
B11: ='PRESUPUESTO OFICIAL'!B5 -> 1 | C11: ='PRESUPUESTO OFICIAL'!C5 -> ESTRUCTURA DE SOPORTE
B12: ='PRESUPUESTO OFICIAL'!B6 -> 1,1 | C12: ='PRESUPUESTO OFICIAL'!C6 -> Suministro e instalación de poste de 12 M X 750 Kg en concreto | F12: ='PRESUPUESTO OFICIAL'!D6 -> UND | G12: =M12 -> 1 | H12: BARRIO 7 DE MAYO | I12: 12 | J12: - | K12: - | L12: 1 | M12: =L12 -> 1
B13: ='PRESUPUESTO OFICIAL'!B7 -> 2 | C13: ='PRESUPUESTO OFICIAL'!C7 -> SISTEMA DE RETENCIÓN Y PROTECCIONES
B14: ='PRESUPUESTO OFICIAL'!B8 -> 2,1 | C14: ='PRESUPUESTO OFICIAL'!C8 -> Suministro e instalación de crucetas autosoportadas de 3" X 3" X 1/4" X 2M (incluye todos sus accesorios para su correcta instalación) | F14: ='PRESUPUESTO OFICIAL'!D8 -> UND | G14: =M14 -> 6 | H14: BARRIO 7 DE MAYO | I14: 2 | J14: 3" | K14: 3" | L14: 6 | M14: =L14 -> 6
B15: ='PRESUPUESTO OFICIAL'!B9 -> 2.2 | C15: ='PRESUPUESTO OFICIAL'!C9 -> Suministro e instalación de aislador polimérico de 15KLV | F15: ='PRESUPUESTO OFICIAL'!D9 -> UND | G15: =M15 -> 4 | H15: BARRIO 7 DE MAYO | I15: - | J15: - | K15: - | L15: 4 | M15: =L15 -> 4
B16: ='PRESUPUESTO OFICIAL'!B10 -> 2.3 | C16: ='PRESUPUESTO OFICIAL'!C10 -> Suministro e instalación de grapa de retención de 1/0-4/0 | F16: ='PRESUPUESTO OFICIAL'!D10 -> UND | G16: =M16 -> 4 | H16: BARRIO 7 DE MAYO | I16: - | J16: - | K16: - | L16: 4 | M16: =L16 -> 4
B17: ='PRESUPUESTO OFICIAL'!B11 -> 3 | C17: ='PRESUPUESTO OFICIAL'!C11 -> TENDIDO DE LINEA
B18: ='PRESUPUESTO OFICIAL'!B12 -> 3.1 | C18: ='PRESUPUESTO OFICIAL'!C12 -> Suministro e instalación de grapa para conexión en caliente | F18: ='PRESUPUESTO OFICIAL'!D12 -> UND | G18: =M18 -> 4 | H18: BARRIO 7 DE MAYO | I18: - | J18: - | K18: - | L18: 4 | M18: =L18 -> 4
B19: ='PRESUPUESTO OFICIAL'!B13 -> 3.2 | C19: ='PRESUPUESTO OFICIAL'!C13 -> Suministro e instalación de conector tipo AMPAC con estribo | F19: ='PRESUPUESTO OFICIAL'!D13 -> UND | G19: =M19 -> 4 | H19: BARRIO 7 DE MAYO | I19: - | J19: - | K19: - | L19: 4 | M19: =L19 -> 4
B20: ='PRESUPUESTO OFICIAL'!B14 -> 3.3 | C20: ='PRESUPUESTO OFICIAL'!C14 -> Suministro e instalación de cable ACSR 2/0 | F20: ='PRESUPUESTO OFICIAL'!D14 -> ML | G20: =M20 -> 200 | H20: BARRIO 7 DE MAYO | I20: 100 | J20: - | K20: - | L20: 2 | M20: =I20*L20 -> 200
B21: ='PRESUPUESTO OFICIAL'!B15 -> 4 | C21: ='PRESUPUESTO OFICIAL'!C15 -> INSTALACIÓN DE TRANSFORMADOR
B22: ='PRESUPUESTO OFICIAL'!B16 -> 4,1 | C22: ='PRESUPUESTO OFICIAL'!C16 -> Suministro e instalación de transformador de 75KVA con voltaje primario de 13,200 /220 / 127 V (Incluye protecciones) | F22: ='PRESUPUESTO OFICIAL'!D16 -> UND | G22: =M22 -> 1 | H22: BARRIO 7 DE MAYO | I22: - | J22: - | K22: - | L22: 1 | M22: =L22 -> 1
B23: ='PRESUPUESTO OFICIAL'!B17 -> 4,2 | C23: ='PRESUPUESTO OFICIAL'!C17 -> Suministro e instalación de cable desnudo No. 1/0 AWG cobre | F23: ='PRESUPUESTO OFICIAL'!D17 -> ML | G23: =M23 -> 25 | H23: BARRIO 7 DE MAYO | I23: 25 | J23: - | K23: - | L23: 1 | M23: =I23*L23 -> 25
B24: ADECUACIONES Y MANTENIMIENTO RED DE ACOMETIDA ELECTRICA INSTITUCION EDUCATIVA SAN JUAN BAUTISTA CORREGIMIENTO DE SIMAÑA, MUNICIPIO DE LA GLORIA
B25: ITEM | C25: DESCRIPCIÓN | F25: UNIDAD | G25: CANTIDAD TOTAL | H25: LOCALIZACIÓN | I25: MEDIDA | L25: No. UNIDADES | M25: SUBTOTAL
I26: LARGO | J26: ANCHO | K26: ALTO
B27: ='PRESUPUESTO OFICIAL'!B20 -> 5 | C27: ='PRESUPUESTO OFICIAL'!C20 -> ADECUACIÓN ACOMETIDA ELECTRICA
B28: ='PRESUPUESTO OFICIAL'!B21 -> 5,1 | C28: ='PRESUPUESTO OFICIAL'!C21 -> Suministro e instalación del cable trenzado 3x1+1 1/0 | F28: ='PRESUPUESTO OFICIAL'!D21 -> ML | G28: =M28 -> 92 | H28: I.E.SAN JUAN BAUTISTA | I28: 92 | J28: - | K28: - | L28: 1 | M28: =I28*L28 -> 92
B29: ='PRESUPUESTO OFICIAL'!B22 -> 5,2 | C29: ='PRESUPUESTO OFICIAL'!C22 -> Suministro e instalación de alambre # 10 | F29: ='PRESUPUESTO OFICIAL'!D22 -> ML | G29: =M29 -> 48 | H29: I.E.SAN JUAN BAUTISTA | I29: 24 | J29: - | K29: - | L29: 2 | M29: =I29*L29 -> 48
B30: ='PRESUPUESTO OFICIAL'!B23 -> 5,3 | C30: ='PRESUPUESTO OFICIAL'!C23 -> Suministro e instalación de cable concéntrico 3x1+1 | F30: ='PRESUPUESTO OFICIAL'!D23 -> ML | G30: =M30 -> 32 | H30: I.E.SAN JUAN BAUTISTA | I30: 32 | J30: - | K30: - | L30: 1 | M30: =I30*L30 -> 32
B31: ='PRESUPUESTO OFICIAL'!B24 -> 5,4 | C31: ='PRESUPUESTO OFICIAL'!C24 -> Suministro e instalación de KIT puesta a tierra de baja tensión (Incluye accesorios para su correcta instalación) | F31: ='PRESUPUESTO OFICIAL'!D24 -> UND | G31: =M31 -> 1 | H31: I.E.SAN JUAN BAUTISTA | I31: - | J31: - | K31: - | L31: 1 | M31: =L31 -> 1
B38: LEONEL ORLANDO NIEBLES BARRETO Secretario de Planeación y Obras Públicas | J38: MARÍA ANGÉLICA LÓPEZ JAIME Ingeniera Civil. M.P 121037-0521341 NTS Subsecretaria de Obras Públicas

Sheet APU
B2: MUNICIPIO DE LA GLORIA CESAR
B3: ='PRESUPUESTO OFICIAL'!B2 -> ADECUACIÓN Y MANTENIMIENTO DE LAS REDES ELÉCTRICAS DE BAJA Y MEDIA TENSIÓN, EN EL BARRIO 07 DE MAYO DEL MUNICIPIO DE LA GLORIA Y LA INSTITUCIÓN EDUCATIVA SAN JUAN BAUTISTA DEL CORREGIMIENTO DE SIMAÑA, MUNICIPIO DE LA GLORIA - CESAR
B6: ANÁLISIS DE PRECIO UNITARIO (A.P.U)
B7: SEPTIEMBRE DE 2026
B8: CAPÍTULO 1 | D8: ='PRESUPUESTO OFICIAL'!C5 -> ESTRUCTURA DE SOPORTE
B10: Ítem | C10: ='PRESUPUESTO OFICIAL'!B6 -> 1,1 | D10: ='PRESUPUESTO OFICIAL'!C6 -> Suministro e instalación de poste de 12 M X 750 Kg en concreto
D11: Unidad | G11: ='PRESUPUESTO OFICIAL'!D6 -> UND
B12: MATERIALES | D12: UNIDAD | E12: CANTIDAD | F12: VALOR UNITARIO | G12: VALOR TOTAL
B13: =INSUMOS!B6 -> MAT001 | C13: =INSUMOS!C6 -> POSTE DE CONCRETO DE 12 M X 750 KGF | D13: =INSUMOS!D6 -> UND | E13: 1 | F13: =INSUMOS!E6 -> 2750000 | G13: =+ROUND(E13*F13,0) -> 2750000
B14: =INSUMOS!B7 -> MAT002 | C14: =INSUMOS!C7 -> CONCRETO 1:2:3 ELABORADO EN OBRA-3.000PSI CLASE D | D14: =INSUMOS!D7 -> M3 | E14: 0.56 | F14: =INSUMOS!E7 -> 551000 | G14: =+ROUND(E14*F14,0) -> 308560
G18: =+E18*F18 -> 0
C19: DESPERDICIO | D19: % | E19: 0.05 | F19: =SUM(G14:G18) -> 308560 | G19: =+ROUND(E19*F19,0) -> 15428
E20: SUBTOTAL MATERIALES | G20: =SUM(G13:G19) -> 3073988
B22: EQUIPOS Y HERRAMIENTAS | D22: =+D12 -> UNIDAD | E22: CANTIDAD | F22: =+F12 -> VALOR UNITARIO | G22: =+G12 -> VALOR TOTAL
B23: 1 | C23: HERRAMIENTAS MENORES | D23: %MO | E23: 0.05 | F23: =G36 -> 257605 | G23: =+ROUND(E23*F23,0) -> 12880
B24: =INSUMOS!B34 -> EQU001 | C24: =INSUMOS!C34 -> CAMION GRUA / CANASTA | D24: =INSUMOS!D34 -> H | E24: 1.5 | F24: =INSUMOS!E34 -> 110000 | G24: =+ROUND(E24*F24,0) -> 165000
G25: =+ROUND(E25*F25,0) -> 0
E27: SUBTOTAL EQUIPOS | G27: =SUM(G23:G25) -> 177880
B29: TRANSPORTE | D29: UNIDAD | E29: DISTANCIA km | F29: VR. UN. ($/ m³*km) | G29: VALOR TOTAL
B30: 1 | C30: TRANSPORTE 3 | D30: % | E30: 0.05 | F30: =G20 -> 3073988 | G30: =E30*F30 -> 153699.4
B31: 2 | G31: =+ROUND(E31*F31,0) -> 0
B32: =1+B31 -> 3 | G32: =+ROUND(E32*F32,0) -> 0
E33: SUBTOTAL TRANSPORTE | G33: =SUM(G30:G32) -> 153699.4
B35: MANO DE OBRA | D35: =+D22 -> UNIDAD | E35: CANTIDAD | F35: VALOR DIA | G35: =+G22 -> VALOR TOTAL
B36: 1 | C36: CUADRILLA "BB" (Instalaciones) | D36: Hc | E36: 4.7 | F36: ='MANO DE OBRA'!$E$105 -> 54809.543 | G36: =+ROUND(E36*F36,0) -> 257605
B37: 2 | G37: =+ROUND(E37*F37,0) -> 0
G38: =+ROUND(E38*F38,0) -> 0
E39: SUBTOTAL MANO DE OBRA | G39: =SUM(G36:G38) -> 257605
E40: COSTO DIRECTO | G40: =ROUND(G20+G27+G39+G33,0) -> 3663172
B43: MUNICIPIO DE LA GLORIA CESAR
B44: ='PRESUPUESTO OFICIAL'!B2 -> ADECUACIÓN Y MANTENIMIENTO DE LAS REDES ELÉCTRICAS DE BAJA Y MEDIA TENSIÓN, EN EL BARRIO 07 DE MAYO DEL MUNICIPIO DE LA GLORIA Y LA INSTITUCIÓN EDUCATIVA SAN JUAN BAUTISTA DEL CORREGIMIENTO DE SIMAÑA, MUNICIPIO DE LA GLORIA - CESAR
B47: ANÁLISIS DE PRECIO UNITARIO (A.P.U)
B48: SEPTIEMBRE DE 2026
B49: CAPÍTULO 2 | D49: ='PRESUPUESTO OFICIAL'!C7 -> SISTEMA DE RETENCIÓN Y PROTECCIONES
B51: Ítem | C51: ='PRESUPUESTO OFICIAL'!B8 -> 2,1 | D51: ='PRESUPUESTO OFICIAL'!C8 -> Suministro e instalación de crucetas autosoportadas de 3" X 3" X 1/4" X 2M (incluye todos sus accesorios para su correcta instalación)
D52: Unidad | G52: ='PRESUPUESTO OFICIAL'!D8 -> UND
B53: MATERIALES | D53: UNIDAD | E53: CANTIDAD | F53: VALOR UNITARIO | G53: VALOR TOTAL
B54: =INSUMOS!B8 -> MAT003 | C54: =INSUMOS!C8 -> CRUCETAS AUTOSOPORTADAS DE 3X3X1/4X2M | D54: =INSUMOS!D8 -> UND | E54: 1 | F54: =INSUMOS!E8 -> 190000 | G54: =+ROUND(E54*F54,0) -> 190000
B55: =INSUMOS!B9 -> MAT004 | C55: =INSUMOS!C9 -> TORNILLOS PERNOS 5/8" X 10" | D55: =INSUMOS!D9 -> UND | E55: 2 | F55: =INSUMOS!E9 -> 12000 | G55: =+ROUND(E55*F55,0) -> 24000
B56: =INSUMOS!B10 -> MAT005 | C56: =INSUMOS!C10 -> ABRAZADERAS 9-10 TIPO COLLARIN DOBLE SALIDA | D56: =INSUMOS!D10 -> UND | E56: 1 | F56: =INSUMOS!E10 -> 37000 | G56: =+ROUND(E56*F56,0) -> 37000
B57: =INSUMOS!B11 -> MAT006 | C57: =INSUMOS!C11 -> TORNILLOS ROSCA CONTINUA 5/8" X 12" | D57: =INSUMOS!D11 -> UND | E57: 2 | F57: =INSUMOS!E11 -> 13000 | G57: =+ROUND(E57*F57,0) -> 26000
B58: =INSUMOS!B12 -> MAT007 | C58: =INSUMOS!C12 -> TUERCA OJO 5/8" ALARGADA | D58: =INSUMOS!D12 -> UND | E58: 2 | F58: =INSUMOS!E12 -> 12000 | G58: =+ROUND(E58*F58,0) -> 24000
G59: =+E59*F59 -> 0
C60: DESPERDICIO | D60: % | E60: 0.05 | G60: =+ROUND(E60*F60,0) -> 0
E61: SUBTOTAL MATERIALES | G61: =SUM(G54:G60) -> 301000
B63: EQUIPOS Y HERRAMIENTAS | D63: =+D53 -> UNIDAD | E63: CANTIDAD | F63: =+F53 -> VALOR UNITARIO | G63: =+G53 -> VALOR TOTAL
B64: 1 | C64: HERRAMIENTAS MENORES | D64: %MO | E64: 0.05 | F64: =G77 -> 98657 | G64: =+ROUND(E64*F64,0) -> 4933
B65: 2 | G65: =+ROUND(E65*F65,0) -> 0
B66: 3 | G66: =+ROUND(E66*F66,0) -> 0
E68: SUBTOTAL EQUIPOS | G68: =SUM(G64:G66) -> 4933
B70: TRANSPORTE | D70: UNIDAD | E70: DISTANCIA km | F70: VR. UN. ($/ m³*km) | G70: VALOR TOTAL
B71: 1 | C71: TRANSPORTE 3 | D71: % | E71: 0.05 | F71: =G61 -> 301000 | G71: =E71*F71 -> 15050
B72: 2 | G72: =+ROUND(E72*F72,0) -> 0
B73: =1+B72 -> 3 | G73: =+ROUND(E73*F73,0) -> 0
E74: SUBTOTAL TRANSPORTE | G74: =SUM(G71:G73) -> 15050
B76: MANO DE OBRA | D76: =+D63 -> UNIDAD | E76: CANTIDAD | F76: VALOR DIA | G76: =+G63 -> VALOR TOTAL
B77: 1 | C77: CUADRILLA "BB" (Instalaciones) | D77: Hc | E77: 1.8 | F77: ='MANO DE OBRA'!$E$105 -> 54809.543 | G77: =+ROUND(E77*F77,0) -> 98657
B78: 2 | G78: =+ROUND(E78*F78,0) -> 0
G79: =+ROUND(E79*F79,0) -> 0
E80: SUBTOTAL MANO DE OBRA | G80: =SUM(G77:G79) -> 98657
E81: COSTO DIRECTO | G81: =ROUND(G61+G68+G80+G74,0) -> 419640
B84: MUNICIPIO DE LA GLORIA CESAR
B85: ='PRESUPUESTO OFICIAL'!B2 -> ADECUACIÓN Y MANTENIMIENTO DE LAS REDES ELÉCTRICAS DE BAJA Y MEDIA TENSIÓN, EN EL BARRIO 07 DE MAYO DEL MUNICIPIO DE LA GLORIA Y LA INSTITUCIÓN EDUCATIVA SAN JUAN BAUTISTA DEL CORREGIMIENTO DE SIMAÑA, MUNICIPIO DE LA GLORIA - CESAR
B88: ANÁLISIS DE PRECIO UNITARIO (A.P.U)
B89: SEPTIEMBRE DE 2026
B90: CAPÍTULO 2 | D90: ='PRESUPUESTO OFICIAL'!C7 -> SISTEMA DE RETENCIÓN Y PROTECCIONES
B92: Ítem | C92: ='PRESUPUESTO OFICIAL'!B9 -> 2.2 | D92: ='PRESUPUESTO OFICIAL'!C9 -> Suministro e instalación de aislador polimérico de 15KLV
D93: Unidad | G93: ='PRESUPUESTO OFICIAL'!D9 -> UND
B94: MATERIALES | D94: UNIDAD | E94: CANTIDAD | F94: VALOR UNITARIO | G94: VALOR TOTAL
B95: =INSUMOS!B13 -> MAT008 | C95: =INSUMOS!C13 -> AISLADOR POLIMÉRICO DE 15 15KLV | D95: =INSUMOS!D13 -> UND | E95: 1 | F95: =INSUMOS!E13 -> 55000 | G95: =+ROUND(E95*F95,0) -> 55000
C98: DESPERDICIO | D98: % | E98: 0.05 | F98: =SUM(G96:G97) -> 0 | G98: =+ROUND(E98*F98,0) -> 0
E99: SUBTOTAL MATERIALES | G99: =SUM(G95:G98) -> 55000
B101: EQUIPOS Y HERRAMIENTAS | D101: =+D94 -> UNIDAD | E101: CANTIDAD | F101: =+F94 -> VALOR UNITARIO | G101: =+G94 -> VALOR TOTAL
B102: 1 | C102: HERRAMIENTAS MENORES | D102: %MO | E102: 0.05 | F102: =G115 -> 60290 | G102: =+ROUND(E102*F102,0) -> 3015
B103: 2 | G103: =+ROUND(E103*F103,0) -> 0
B104: 3 | G104: =+ROUND(E104*F104,0) -> 0
E106: SUBTOTAL EQUIPOS | G106: =SUM(G102:G104) -> 3015
B108: TRANSPORTE | D108: UNIDAD | E108: DISTANCIA km | F108: VR. UN. ($/ m³*km) | G108: VALOR TOTAL
B109: 1 | C109: TRANSPORTE 3 | D109: % | E109: 0.05 | F109: =G99 -> 55000 | G109: =E109*F109 -> 2750
B110: 2 | G110: =+ROUND(E110*F110,0) -> 0
B111: =1+B110 -> 3 | G111: =+ROUND(E111*F111,0) -> 0
E112: SUBTOTAL TRANSPORTE | G112: =SUM(G109:G111) -> 2750
B114: MANO DE OBRA | D114: =+D101 -> UNIDAD | E114: CANTIDAD | F114: VALOR DIA | G114: =+G101 -> VALOR TOTAL
B115: 1 | C115: CUADRILLA "BB" (Instalaciones) | D115: Hc | E115: 1.1 | F115: ='MANO DE OBRA'!$E$105 -> 54809.543 | G115: =+ROUND(E115*F115,0) -> 60290
B116: 2 | G116: =+ROUND(E116*F116,0) -> 0
G117: =+ROUND(E117*F117,0) -> 0
E118: SUBTOTAL MANO DE OBRA | G118: =SUM(G115:G117) -> 60290
E119: COSTO DIRECTO | G119: =ROUND(G99+G106+G118+G112,0) -> 121055
B122: MUNICIPIO DE LA GLORIA CESAR
B123: ='PRESUPUESTO OFICIAL'!B2 -> ADECUACIÓN Y MANTENIMIENTO DE LAS REDES ELÉCTRICAS DE BAJA Y MEDIA TENSIÓN, EN EL BARRIO 07 DE MAYO DEL MUNICIPIO DE LA GLORIA Y LA INSTITUCIÓN EDUCATIVA SAN JUAN BAUTISTA DEL CORREGIMIENTO DE SIMAÑA, MUNICIPIO DE LA GLORIA - CESAR
B126: ANÁLISIS DE PRECIO UNITARIO (A.P.U)
B127: SEPTIEMBRE DE 2026
B128: CAPÍTULO 2 | D128: ='PRESUPUESTO OFICIAL'!C7 -> SISTEMA DE RETENCIÓN Y PROTECCIONES
B130: Ítem | C130: ='PRESUPUESTO OFICIAL'!B10 -> 2.3 | D130: ='PRESUPUESTO OFICIAL'!C10 -> Suministro e instalación de grapa de retención de 1/0-4/0
D131: Unidad | G131: ='PRESUPUESTO OFICIAL'!D10 -> UND
B132: MATERIALES | D132: UNIDAD | E132: CANTIDAD | F132: VALOR UNITARIO | G132: VALOR TOTAL
B133: =INSUMOS!B14 -> MAT009 | C133: =INSUMOS!C14 -> GRAPA DE RETENCIÓN DE 1/0 - 4/0 | D133: =INSUMOS!D14 -> UND | E133: 1 | F133: =INSUMOS!E14 -> 43000 | G133: =+ROUND(E133*F133,0) -> 43000
C135: DESPERDICIO | D135: % | E135: 0.05 | F135: =SUM(G134:G134) -> 0 | G135: =+ROUND(E135*F135,0) -> 0
E136: SUBTOTAL MATERIALES | G136: =SUM(G133:G135) -> 43000
B138: EQUIPOS Y HERRAMIENTAS | D138: =+D132 -> UNIDAD | E138: CANTIDAD | F138: =+F132 -> VALOR UNITARIO | G138: =+G132 -> VALOR TOTAL
...

Sheet INSUMOS
B2: INSUMOS
B3: ='PRESUPUESTO OFICIAL'!B2 -> ADECUACIÓN Y MANTENIMIENTO DE LAS REDES ELÉCTRICAS DE BAJA Y MEDIA TENSIÓN, EN EL BARRIO 07 DE MAYO DEL MUNICIPIO DE LA GLORIA Y LA INSTITUCIÓN EDUCATIVA SAN JUAN BAUTISTA DEL CORREGIMIENTO DE SIMAÑA, MUNICIPIO DE LA GLORIA - CESAR
B5: ITEM | C5: MATERIAL | D5: UNIDAD | E5: VR. UNIT
B6: MAT001 | C6: POSTE DE CONCRETO DE 12 M X 750 KGF | D6: UND | E6: 2750000
B7: MAT002 | C7: CONCRETO 1:2:3 ELABORADO EN OBRA-3.000PSI CLASE D | D7: M3 | E7: 551000
B8: MAT003 | C8: CRUCETAS AUTOSOPORTADAS DE 3X3X1/4X2M | D8: UND | E8: 190000
B9: MAT004 | C9: TORNILLOS PERNOS 5/8" X 10" | D9: UND | E9: 12000
B10: MAT005 | C10: ABRAZADERAS 9-10 TIPO COLLARIN DOBLE SALIDA | D10: UND | E10: 37000
B11: MAT006 | C11: TORNILLOS ROSCA CONTINUA 5/8" X 12" | D11: UND | E11: 13000
B12: MAT007 | C12: TUERCA OJO 5/8" ALARGADA | D12: UND | E12: 12000
B13: MAT008 | C13: AISLADOR POLIMÉRICO DE 15 15KLV | D13: UND | E13: 55000
B14: MAT009 | C14: GRAPA DE RETENCIÓN DE 1/0 - 4/0 | D14: UND | E14: 43000
B15: MAT010 | C15: GRAPA PARA CONEXIÓN EN CALIENTE | D15: UND | E15: 57000
B16: MAT011 | C16: CONECTOR TIPO AMPAC CON ESTRIBOS | D16: UND | E16: 42000
B17: MAT012 | C17: CABLE ACSR 2/0 | D17: ML | E17: 7000
... B32: MAT027 | C32: PINZAS SUJETADORAS | D32: UND | E32: 14000
B33: ITEM | C33: EQUIPOS | D33: UNIDAD | E33: VR. UNIT.
B34: EQU001 | C34: CAMION GRUA / CANASTA | D34: H | E34: 110000
B35: EQU002 | C35: EQUIPO DE TENSIONADO | D35: H | E35: 40000
B36: EQU003 | C36: APAREJOS, ESLINGAS Y ELEMENTOS DE IZAJES | D36: GLB | E36: 70000
B37: ITEM | C37: TRANSPORTE | D37: UNIDAD | E37: VR. UNIT.
B38: TR001 | C38: TRANSPORTE 1 KM | D38: KM | E38: 1200
B39: ITEM | C39: MANO DE OBRA | D39: UNIDAD | E39: VR. UNIT.
B40: MAO01 | C40: MANO DE OBRA CUADRILLA AA | D40: HC | E40: ='MANO DE OBRA'!E105 -> 54809.543

Sheet MANO DE OBRA
B6: TARIFAS MANO DE OBRA Y PRESTACIONES SOCIALES 2026.
B11: 1.-SALARIOS DE MANO DE OBRA | F11: % | H11: AYUDANTE | I11: 1.2 | L11: OFICIAL | M11: 2.1
B13: A- Salario Minimo Legal | D13: 1750905 | H13: =+D13*I11 -> 2101086 | L13: =+D13*M11 -> 3676900.5
B14: B- Auxilio de Transporte | D14: 249095 | H14: 106454
B15: C- Total Mensual | D15: =SUM(D13:D14) -> 2000000 | H15: =SUM(H13:H14) -> 2207540 | L15: =SUM(L13:L14) -> 3676900.5
B16: D- Anual (Ax12) | D16: =+D13*12 -> 21010860 | H16: =+H13*12 -> 25213032 | L16: =+L13*12 -> 44122806
B17: Subsidio de Transporte Anual | D17: =+(D14/30)*(365-18-3-15) -> 2731741.8 | H17: =+(H14/30)*(365-18-3-15) -> 1167445.5 | L17: =+(L14/30)*(365-18) -> 0
B18: E- Anual con Subsidio de Transporte | D18: =+D16+D17 -> 23742602 | H18: =+H16+H17 -> 26380478 | L18: =+L16+L17 -> 44122806
B20: PRESTACIONES | C20: BASE
B21: Cesantias Por Ley | C21: E | D21: =+F21 -> 0.0833 | E21: =+F21*D18 -> 1977758.7 | F21: 0.0833 | H21: =+J21 -> 0.0833 | I21: =+J21*H18 -> 2197493.8 | J21: 0.0833 | L21: =+N21 -> 0.0833 | M21: =+N21*L18 -> 3675429.7 | N21: 0.0833
B22: Intereses | C22: =+B21 -> Cesantias Por Ley | D22: 0.12 | E22: =+E21*D22 -> 237331.05 | F22: 0.009996 | H22: 0.12 | I22: =+I21*H22 -> 263699.25 | J22: 0.009996 | L22: 0.12 | M22: =+M21*L22 -> 441051.57 | N22: 0.009996
B23: Vacaciones 15 Dias | C23: A | D23: 0.0417 | E23: =+D23*D16 -> 876152.86 | F23: =+E23/D16 -> 0.0417 | H23: 0.0417 | I23: =+H23*H16 -> 1051383.4 | J23: =+I23/H16 -> 0.0417 | L23: 0.0417 | M23: =+L23*L16 -> 1839921 | N23: =+M23/L16 -> 0.0417
B24: Primas 30 Dias | C24: C | D24: =+F24 -> 0.0833 | E24: =+E21 -> 1977758.7 | F24: =+E24/D18 -> 0.0833 | H24: =+D24 -> 0.0833 | I24: =+I21 -> 2197493.8 | J24: =+I24/H18 -> 0.0833 | L24: =+H24 -> 0.0833 | M24: =+M21 -> 3675429.7 | N24: =+M24/L18 -> 0.0833
B26: OTROS COSTOS
B27: Botas y Overol | C27: 135000 | D27: 3 | E27: =+$C$27*D27 -> 405000 | F27: =+E27/D16 -> 0.019275746 | H27: =+D27 -> 3 | I27: =+$C$27*H27 -> 405000 | J27: =+I27/H16 -> 0.016063122 | L27: =+H27 -> 3 | M27: =+$C$27*L27 -> 405000 | N27: =+M27/L16 -> 0.0091789267
B28: Seguro Colectivo | C28: D | D28: 0.015 | E28: =+D16*D28 -> 315162.9 | F28: =+E28/D16 -> 0.015 | H28: =+D28 -> 0.015 | I28: =+H28*H16 -> 378195.48 | J28: =+I28/H16 -> 0.015 | L28: =+H28 -> 0.015 | M28: =+L28*L16 -> 661842.09 | N28: =+M28/L16 -> 0.015
B29: Horas Extras | D29: 0.02 | E29: =+D29*D16 -> 420217.2 | F29: =+E29/D16 -> 0.02 | H29: =+D29 -> 0.02 | I29: =+H29*H16 -> 504260.64 | J29: =+I29/H16 -> 0.02 | M29: =+L29*L16 -> 0 | N29: =+M29/L16 -> 0
B31: SEGURIDAD SOCIAL
B32: Pensiones | C32: D | D32: 0.12 | E32: =+D16*D32 -> 2521303.2 | F32: 0.12 | H32: 0.12 | I32: =+H16*H32 -> 3025563.8 | J32: 0.12 | L32: 0.12 | M32: =+L16*L32 -> 5294736.7 | N32: 0.12
B33: Medicina Familiar | C33: D | D33: 0.085 | E33: =+D16*D33 -> 1785923.1 | F33: 0.085 | H33: 0.085 | I33: =+H16*H33 -> 2143107.7 | J33: 0.085 | L33: 0.085 | M33: =+L16*L33 -> 3750438.5 | N33: 0.085
B34: Riesgos Profesionales | C34: D | D34: 0.0696 | E34: =+D34*D16 -> 1462355.9 | F34: =+E34/D16 -> 0.0696 | H34: =+D34 -> 0.0696 | I34: =+H34*H16 -> 1754827 | J34: =+I34/H16 -> 0.0696 | L34: =+H34 -> 0.0696 | M34: =+L34*L16 -> 3070947.3 | N34: =+M34/L16 -> 0.0696
B35: Examen medico | D35: 0.015 | E35: =+D35*D16 -> 315162.9 | F35: =+E35/D16 -> 0.015 | H35: =+J35 -> 0.0125 | I35: =+E35 -> 315162.9 | J35: =+I35/H16 -> 0.0125 | L35: =+N35 -> 0.0071428571 | M35: =+I35 -> 315162.9 | N35: =+M35/L16 -> 0.0071428571
B36: Incremento variable | H36: 0.038121535 | I36: =+H36*H16 -> 961159.48 | J36: =+I36/H16 -> 0.038121535 | L36: 0.013542982 | M36: =+L36*L16 -> 597554.35 | N36: =+M36/L16 -> 0.013542982
B38: APORTES SENA
B39: Aporte Ordinario | C39: D | H39: 0 | I39: =+H16*H39 -> 0 | J39: =+I39/H16 -> 0 | L39: 0 | M39: =+L16*L39 -> 0 | N39: =+M39/L16 -> 0
B40: F.I.C (A*12/40) | C40: Nota 4 | D40: =+F40 -> 0.022123586 | E40: =+(D13*12)/40 -> 525271.5 | F40: =+E40/D18 -> 0.022123586 | H40: =+J40 -> 0.020833333 | I40: =+E40 -> 525271.5 | J40: =+I40/H16 -> 0.020833333 | L40: =+N40 -> 0.011904762 | M40: =+I40 -> 525271.5 | N40: =+M40/L16 -> 0.011904762
B42: OTROS APORTES
B43: I.C.B.F | C43: D | H43: 0 | I43: =+H16*H43 -> 0 | J43: =+I43/H16 -> 0 | L43: 0 | M43: =+L16*L43 -> 0 | N43: =+M43/L16 -> 0
B44: Subsidio Familiar | C44: D | D44: 0.04 | E44: =+D16*D44 -> 840434.4 | F44: =+E44/D16 -> 0.04 | H44: 0.04 | I44: =+H16*H44 -> 1008521.3 | J44: =+I44/H16 -> 0.04 | L44: 0.04 | M44: =+L16*L44 -> 1764912.2 | N44: =+M44/L16 -> 0.04
B46: VALOR REAL DEL SALARIO | E46: =SUM(E21:E45)+D18 -> 37402434 | F46: =SUM(F21:F45) -> 0.62429533 | I46: =SUM(I21:I45)+H18 -> 43111618 | J46: =SUM(J21:J45) -> 0.65541399 | M46: =SUM(M21:M45)+L18 -> 70140504 | N46: =SUM(N21:N45) -> 0.58966553
I47: =I46/365 -> 118114.02 | J47: =I47/8 -> 14764.253
B50: NOTAS:
B51: 1.- Subsidio de transporte solo se paga hasta sueldos de 2 salarios minimos mensules legales vigentes.
B52: 2.- Subsidio de transporte anual = Subsidio mensual / 30 x (365 dias-18 fiestas - 3 permisos- 15 dias vacaciones).
B53: 3.- Porcentajes solo son validos para actividades de construccion. Para otros empleados se debe utilizar 30 dias de cesantia y 2.2% (promedio para empresas de bajo riesgo).
B54: 4.- Un salario minimo por cada 40 trabajadores. El valor se obtiene asi: (Salario minimo x 12 / 40) / Salario annual estudiado.
B55: 5.- El crecimiento promedio del PIB entre 2005 y 2006 fue superior al 4%y por ello la cotizacion a pensiones por parte del patrono durante 2009 debe aumentar al 12%, segun lo dispuesto por la ley 297 del 2003.
B56: * Todos los porcentajes estan relacionados con el salario para 365 dias.
B57: * Los 18 feriados hacen referencia a los dias feriados que de lunes a viernes.
B59: 2- CALCULO DE SOBRECOSTO POR HORAS EFECTIVAS TRABAJADAS-OBREROS CON UN SALARIO MINIMO TRABAJADO
H60: AYUDANTE | I60: 1.2 | L60: OFICIAL | M60: 2.1
B61: A- Anual con Subsidio de Transporte | E61: =+E46 -> 37402434 | I61: =+I46 -> 43111618 | M61: =+M46 -> 70140504
B62: B- Horas Calendario Anuales | D62: 365 x 8 Hhr | E62: =365*8 -> 2920 | I62: =365*8 -> 2920 | M62: =365*8 -> 2920
B63: C- Horas Laborales Anuales | D63: (52 Sem x 48 Hr)+8Hr | E63: =(52*48)+8 -> 2504 | I63: =(52*48)+8 -> 2504 | M63: =(52*48)+8 -> 2504
B64: D- Horas Habiles Anuales | D64: 2920 Hr-((52 Dom + 18 Fiestas + 3 Permisos+15) x 8 Hr) | E64: =E62-((52+18+3+15)*8) -> 2216 | I64: =I62-((52+18+3+15)*8) -> 2216 | M64: =M62-((52+18+3+15)*8) -> 2216
B65: E- Valor Hora Calendario | D65: A/B | E65: =+E61/E62 -> 12809.053 | F65: 1 | I65: =+I61/I62 -> 14764.253 | J65: 1 | K65: 0 | M65: =+M61/M62 -> 24020.72 | N65: 1
B66: F- Valor Hora Laboral | D66: A/C | E66: =+E61/E63 -> 14937.074 | F66: =+((E66-$E$65)/$E$65)+F65 -> 1.1661342 | I66: =+I61/I63 -> 17217.1 | J66: =+((I66-$I$65)/$I$65)+J65 -> 1.1661342 | K66: =+((I66-$I$65)/$I$65)+K65 -> 0.16613419 | M66: =+M61/M63 -> 28011.383 | N66: =+((M66-$M$65)/$M$65)+N65 -> 1.1661342
B67: G- Valor Hora Efectiva | D67: A/D | E67: =+E61/E64 -> 16878.355 | F67: =+((E67-$E$65)/$E$65)+F65 -> 1.3176895 | I67: =+I61/I64 -> 19454.701 | J67: =+((I67-$I$65)/$I$65)+J65 -> 1.3176895 | K67: =+((I67-$I$65)/$I$65)+K65 -> 0.31768953 | M67: =+M61/M64 -> 31651.852 | N67: =+((M67-$M$65)/$M$65)+N65 -> 1.3176895
B69: NOTAS:
B70: Los factores de sobrecostos se utilizan para valorizar el tiempo efectivo que un obrero dedica a su labor y refleja el costo del tiempo durante el cual no esta trabajando pero si esta devengando.
B71: Si se toma como base la hora calendario, se incrementa 31,8% para obtener la hora efectiva.
B72: Si se toma como base la hora laboral, se incrementa 6.83% para obtener la hora efectiva.
B74: SALARIO ANUAL SMMLV | C74: 1 | D74: 1.2 | E74: 2.1
B75: PORCENTAJE SALARIO VS SALARIO MÁS ADICIONES ((Total ANUALX100%)/(SUELDO ANUAL+AUXILIO Transporte ANUAL) | C75: =+(E46*100%)/(D17+D16) -> 1.5753301 | D75: =+(I46*100%)/(H17+H16) -> 1.6342243 | E75: =+(M46*100%)/(L17+L16) -> 1.5896655
B76: PORCENTAJE HORA EFECTIVA BASE HORA CALENDARIO | C76: =+C75*$F$67 -> 2.0757959 | D76: =+D75*$J$67 -> 2.1534003 | E76: =+E75*$N$67 -> 2.0946856
B79: CALCULO DE CUADRILLAS
B81: CUADRILLA "AA" (Albañileria)
B82: Jornal Ayudante | D82: 1.2 Minimos | E82: =(+D13*12/365)*1.2 -> 69076.8
B83: Valor Real del Jornal | D83: =$D$76 -> 2.1534003 | E83: =+E82*D83 -> 148750
B84: Valor Total Hr Ayudante | E84: =+E83/8 -> 18593.75
B86: Jornal Oficial | D86: 2.1 Minimos | E86: =(+D13*12/365)*2.1 -> 120884.4
B87: Valor Real del Jornal | D87: =$E$76 -> 2.0946856 | E87: =+E86*D87 -> 253214.81
B88: Valor Total Hr Oficial | E88: =+E87/8 -> 31651.852
B90: Valor Dia Cuadrilla | E90: =+E87+E83 -> 401964.81
B91: Valor Hr Cuadrilla | E91: =+E88+E84 -> 50245.602
B93: Salida Electrica | D93: 1.55 Hr AA
B95: CUADRILLA "BB" (Instalaciones)
B96: Jornal Ayudante | D96: 1.3 Minimos | E96: =(+D13*12/365)*1.3 -> 74833.2
B97: Valor Real del Jornal | D97: =$D$76 -> 2.1534003 | E97: =+E96*D97 -> 161145.83
B98: Valor Total Hr Ayudante | E98: =+E97/8 -> 20143.229
B100: Jornal Oficial | D100: 2.3 Minimos | E100: =(+D13*12/365)*2.3 -> 132397.2
B101: Valor Real del Jornal | D101: =$E$76 -> 2.0946856 | E101: =+E100*D101 -> 277330.51
B102: Valor Total Hr Oficial | E102: =+E101/8 -> 34666.314
B104: Valor Dia Cuadrilla | E104: =+E101+E97 -> 438476.34
B105: Valor Hr Cuadrilla | E105: =+E102+E98 -> 54809.543
B107: CUADRILLA "CC" (Pintura)
B108: Jornal Ayudante | D108: 1.4 Minimos | E108: =(+D13*12/365)*1.4 -> 80589.6
B109: Valor Real del Jornal | D109: =$D$76 -> 2.1534003 | E109: =+E108*D109 -> 173541.67
B110: Valor Total Hr Ayudante | E110: =+E109/8 -> 21692.708
B112: Jornal Oficial | D112: 2.4 Minimos | E112: =(+D13*12/365)*2.4 -> 138153.6
B113: Valor Real del Jornal | D113: =$E$76 -> 2.0946856 | E113: =+E112*D113 -> 289388.36
B114: Valor Total Hr Oficial | E114: =+E113/8 -> 36173.545
B116: Valor Dia Cuadrilla | E116: =+E113+E109 -> 462930.03
B117: Valor Hr Cuadrilla | E117: =+E114+E110 -> 57866.253
B119: CUADRILLA "DD" (Carpinterias)
B120: Jornal Ayudante | D120: 1.44 Minimos | E120: =(+D13*12/365)*1.44 -> 82892.16
B121: Valor Real del Jornal | D121: =$D$76 -> 2.1534003 | E121: =+E120*D121 -> 178500
B122: Valor Total Hr Ayudante | E122: =+E121/8 -> 22312.5
B124: Jornal Oficial | D124: 2.5 Minimos | E124: =+E86*1.2 -> 145061.28
B125: Valor Real del Jornal | D125: =$E$76 -> 2.0946856 | E125: =+E124*D125 -> 303857.78
B126: Valor Total Hr Oficial | E126: =+E125/8 -> 37982.222
B128: Valor Dia Cuadrilla | E128: =+E125+E121 -> 482357.78
B129: Valor Hr Cuadrilla | E129: =+E126+E122 -> 60294.722
B131: CUADRILLA "EE" (Cableado Estructural)
B132: Jornal Ayudante | D132: 1.44 Minimos | E132: =(+D13*12/365)*1.44 -> 82892.16
B133: Valor Real del Jornal | D133: =$D$76 -> 2.1534003 | E133: =+E132*D133 -> 178500
B134: Valor Total Hr Ayudante | E134: =+E133/8 -> 22312.5
B136: Jornal Oficial | D136: 2.7 Minimos | E136: =(+D13*12/365)*2.7 -> 155422.8
B137: Valor Real del Jornal | D137: =$E$76 -> 2.0946856 | E137: =+E136*D137 -> 325561.9
B138: Valor Total Hr Oficial | E138: =+E137/8 -> 40695.238
...
